 Dungeon Crawl Stone Soup version 0.30.0-16-gbe6223bb7e (webtiles) character file.

Game seed: 840135042162554889

14 browni3141 the Caller (level 2, -3/19 HPs)
             Began as a Mummy Summoner on May 21, 2023.
             Frozen to death by an endoplasm (5 damage)
             ... on level 1 of the Dungeon.
             The game lasted 00:00:56 (576 turns).

browni3141 the Caller (Mummy Summoner)               Turns: 576, Time: 00:00:57

Health: -3/19      AC:  2    Str: 11    XL:     2   Next: 27%
Magic:  5/6        EV: 12    Int: 14    God:
Gold:   39         SH:  0    Dex: 12    Spells: 6/7 levels left

rFire   . . .        c - +0 dagger
rCold   . . .        (no shield)
rNeg    + + +        a - +0 robe
rPois   ∞            (no helmet)
rElec   .            (no cloak)
rCorr   .            (no gloves)
SInv    .            (no boots)
Will    .....        (no amulet)
Stlth   ++           e - ring of fire
HPRegen 0.23/turn    (no ring)
MPRegen 0.10/turn

%: faith
@: no status effects
A: cold resistance 1, negative energy resistance 3, torment resistance 2, heat
vulnerability 1, no potions, faith
a: no special abilities


You were on level 1 of the Dungeon.
You visited 1 branch of the dungeon, and saw 1 of its levels.

You collected 39 gold pieces.

Inventory:

Hand Weapons
 c - a +0 dagger (weapon)
Armour
 a - a +0 robe (worn)
Jewellery
 e - a ring of fire (left hand)
Scrolls
 b - a scroll of fog {unknown}
 d - a scroll of poison {unknown}
 f - a scroll of noise {unknown}
 g - a scroll of blinking {unknown}


   Skills:
 - Level 1.5 Dodging
 - Level 1.5 Stealth
 + Level 3.1 Spellcasting
 * Level 3.6 Summonings


You had 6 spell levels left.
You knew the following spells:

 Your Spells              Type           Power      Damage    Failure   Level
z - Summon Small Mammal   Summ           48%        N/A       4%          1

Your spell library contained the following spells:

 Spells                   Type           Power      Damage    Failure   Level
 Call Imp                 Summ           24%        N/A       7%          2
 Call Canine Familiar     Summ           12%        N/A       14%         3
 Summon Guardian Golem    Hex/Summ       7%         N/A       30%         3
 Ensorcelled Hibernation  Hex/Ice        4%         N/A       32%         2
 Passwall                 Tmut/Erth      1%         N/A       32%         2
 Swiftness                Air            2%         N/A       54%         3
 Summon Lightning Spire   Summ/Air       7%         N/A       69%         4


Dungeon Overview and Level Annotations

Branches:
Dungeon (1/15)

Altars:


Innate Abilities, Weirdness & Mutations

You are immune to poison.
Your flesh is cold resistant. (rC+)
You are immune to negative energy. (rN+++)
You are immune to unholy pain and torment.
You are vulnerable to heat. (rF-)
You do not drink.
You have a special connection with the divine. (Faith)


Message History

You barely miss the rat.
The rat is heavily wounded.
The rat completely misses you.
You closely miss the rat.
The rat is heavily wounded.
The rat bites you.
You closely miss the rat.
The rat is heavily wounded.
The rat closely misses you.
You barely miss the rat.
The rat is heavily wounded.
The rat completely misses you.
You closely miss the rat.
The rat is heavily wounded.
The rat bites you.
* * * LOW HITPOINT WARNING * * *
You barely miss the rat.
The rat is heavily wounded.
The rat bites you.
* * * LOW HITPOINT WARNING * * *
You hit the rat but do no damage.
The rat is heavily wounded.
The rat closely misses you.
You hit the rat.
You kill the rat!
Things that are here:
a +0 dagger; a kobold corpse Your bat disappears in a puff of smoke!
A goblin comes into view. It is wielding a +0 club.
A goblin is nearby!
A goblin is nearby!
A goblin is nearby!
A goblin is nearby!
The goblin shouts!
You are too injured to fight recklessly!
You are too injured to fight recklessly!
You are too injured to fight recklessly!
You are too injured to fight recklessly!
A ball python comes into view.
Found a stone staircase leading down.
The goblin hits you with a +0 club.
You are too injured to fight recklessly!
You are too injured to fight recklessly!
Casting: Summon Small Mammal (safe; 4% risk of failure)
Press: ? - help, Q - select action Dir - look around, f - activate The goblin hits you with a +0 club.
* * * LOW HITPOINT WARNING * * *
Casting: Summon Small Mammal (safe; 4% risk of failure)
Press: ? - help, Q - select action Dir - look around, f - activate The goblin hits you but does no damage.
Your rat closely misses the goblin.
You closely miss the goblin.
Your bat closely misses the goblin.
The goblin barely misses you.
Your rat closely misses the goblin.
You hit the goblin but do no damage. Your bat hits the goblin.
Your bat barely misses the ball python.
The goblin hits you with a +0 club.
* * * LOW HITPOINT WARNING * * *
Your rat barely misses the goblin.
You closely miss the goblin.
The goblin is moderately wounded.
The ball python bites you but does no damage.
The ball python closely misses you. The goblin closely misses you.
Your bat hits the ball python. Your rat misses the goblin.
You closely miss the goblin.
The goblin is moderately wounded.
The ball python misses you. The ball python closely misses you.
Your bat hits the ball python. The goblin barely misses you.
Your rat bites the goblin.
You barely miss the goblin.
The goblin is severely wounded.
Your bat barely misses the ball python.
Your bat hits the ball python. The goblin hits you with a +0 club.
* * * LOW HITPOINT WARNING * * *
Your rat bites the goblin.
The goblin dies!
Something bites your rat but does no damage.
Something grabs your rat.
Your rat is constricted.
Something bites your rat.
Your rat dies!
Your rat's corpse disappears in a puff of smoke!
A ball python is nearby!
You catch the helpless ball python completely off-guard!
You hit the ball python.
You kill the ball python!
An endoplasm comes into view.
An endoplasm is nearby!
An endoplasm is nearby!
An endoplasm is nearby!
You are too injured to fight recklessly!
You are too injured to fight recklessly!
Casting: Summon Small Mammal (safe; 4% risk of failure)
Press: ? - help, Q - select action Dir - look around, f - activate The endoplasm quivers.
You hit the endoplasm.
The endoplasm is heavily wounded.
The endoplasm freezes you.
You are frozen.
* * * LOW HITPOINT WARNING * * *
You barely miss the endoplasm.
The endoplasm is heavily wounded.
The endoplasm freezes you.
You are frozen.
You die...

.....+ ..... .. .....#
###..... .. .....+
......####. .....#
.>?...... .....#
#....#..#####
.....####.#..b.........
###.......#.#)#........
#.#######..)#..# #.#
#.†.@# #.# #.#.rJ......
##'###### #.#....#.###
#.......# #)#.......
#.......##.#.##.#.#..
#...†...##.#.##.#..###
#.......##.#.##.##.#
###.#######.#.##.##.#
#.......# #.#.# ..


You could see an endoplasm (ally target) and a friendly quokka (summoned).

Vanquished Creatures
  A dart slug (D:1)
  A ball python (D:1)
  A giant cockroach (D:1)
  A quokka (D:1)
  A frilled lizard (D:1)
  A kobold (D:1)
  2 rats (D:1)
8 creatures vanquished.

Vanquished Creatures (collateral kills)
  A goblin (D:1)
  A quokka (D:1)
  A kobold (D:1)
  A rat (D:1)
4 creatures vanquished.

Grand Total: 12 creatures vanquished

Notes
Turn   | Place    | Note
-------+----------+-------------------------------------------
     0 | D:1      | browni3141 the Mummy Summoner began the quest for the Orb.
     0 | D:1      | Reached XP level 1. HP: 13/13 MP: 4/4
   254 | D:1      | Reached skill level 3 in Spellcasting
   348 | D:1      | Reached XP level 2. HP: 18/19 MP: 1/6
   576 | D:1      | Frozen to death by an endoplasm

Illustrated notes

Levels and vault maps discovered:
D:1:      wander_arrival_peaceful_grave, layout_basic

Skill      XL: |  1 |
---------------+----+-----
Spellcasting   | 3 |  3.1
Dodging        | |  1.5
Stealth        | |  1.5
Summonings     | |  3.6

Action                     || total
---------------------------++-------
  Melee: Dagger            ||    50
         Unarmed           ||     7
   Cast: Summon Small Mamm ||    12
   Stab: Distracted        ||     1
 Armour: Robe              ||     8
  Dodge: Dodged            ||    45
